 Dungeon Crawl Stone Soup version 0.27.1-34-g3ba077fa99 (webtiles) character file.

Game seed: 6033621474218646443

13034 multipassport the Basher (level 11, -7/115 HPs)
             Began as a Troll Berserker on Jan 16, 2022.
             Was a High Priest of Trog.
             Mangled by a cane toad (16 damage)
             ... on level 2 of the Lair of Beasts.
             The game lasted 00:34:04 (8873 turns).

multipassport the Basher (Troll Berserker)          Turns: 8873, Time: 00:34:05

Health: -7/115     AC:  8    Str: 30    XL:     11   Next: 70%
Magic:  10/10      EV: 11    Int:  5    God:    Trog [*****.]
Gold:   445        SH: 12    Dex: 11    Spells: 10/10 levels left

rFire    . . .     SeeInvis .   f - +2 flail (protect)
rCold    . . .     Faith    .   B - +2 kite shield
rNeg     . . .     Spirit   .   b - +0 animal skin
rPois    .         Reflect  .   (helmet restricted)
rElec    .         Harm     .   g - +0 cloak
rCorr    .         Rampage  .   (gloves unavailable)
Will     ++...                  (boots unavailable)
Stlth    +.........             (no amulet)
HPRegen  2.29/turn              A - +4 ring of slaying
MPRegen  0.12/turn              v - +4 ring of protection

@: lethally poisoned (-7 -> -12), strong-willed, on berserk cooldown,
regenerating, hasted and slowed
A: large, unfitting armour, claws 3, regeneration 1, shaggy fur 1, tough skin 1,
agile 1, clever 1, deformed body
a: Renounce Religion, Berserk, Trog's Hand, Brothers in Arms


You were on level 2 of the Lair of Beasts.
You worshipped Trog.
Trog was extremely pleased with you.
You visited 2 branches of the dungeon, and saw 10 of its levels.
You also visited: Sewer.

You collected 445 gold pieces.

Inventory:

Hand Weapons
 f - a +2 flail of protection (weapon)
 u - a +2 spear of freezing
Missiles
 y - a throwing net (quivered)
Armour
 b - a +0 animal skin (worn)
 g - a +0 cloak (worn)
 B - a +2 kite shield (worn)
Jewellery
 h - a +6 ring of dexterity
 k - a ring of fire
 v - a +4 ring of protection (right claw)
 z - a ring of fire
 A - a +4 ring of slaying (left claw)
Wands
 m - a wand of flame (6)
 D - a wand of iceblast (7)
Scrolls
 a - 4 scrolls of magic mapping
 c - 5 scrolls of fear
 d - 10 scrolls of teleportation
 l - 2 scrolls of enchant weapon
 w - a scroll of blinking
 x - a scroll of identify
 C - a scroll of noise {unknown}
Potions
 e - 4 potions of haste
 i - a potion of brilliance {unknown}
 n - a potion of cancellation
 o - 4 potions of mutation
 q - 5 potions of magic
 r - a potion of might
 s - a potion of invisibility
 t - a potion of flight


   Skills:
 - Level 9.3 Fighting
 - Level 10.1 Maces & Flails
 - Level 9.3 Dodging
 + Level 4.2 Shields


You had 10 spell levels left.
You didn't know any spells.
Your spell library was empty.

Dungeon Overview and Level Annotations

Branches:
Dungeon (8/15)             Temple (0/1) D:4            Lair (2/6) D:8
  Sewer (visited)
  Swamp: Lair:2-4    Shoals: Lair:2-4     Snake: Lair:2-4    Spider: Lair:2-4

Altars:
Ashenzari
Cheibriados
Dithmenos
Gozag
Hepliaklqana
Qazlal
Ru
Yredelemnul
The Shining One

Shops:
D:8 !

Annotations:
Lair:2 Haxyobbu's ghost, journeyman MiFi


Innate Abilities, Weirdness & Mutations

You are too large for most types of armour.
You have claws for hands.
Your natural rate of healing is unusually fast.
You are covered in fur. (AC +1)
You have tough skin. (AC +1)
You are agile. (Dex +2)
Your mind is acute. (Int +2)
Armour fits poorly on your strangely shaped body.


Message History

The water moccasin poisons you!
Haxyobbu's ghost hits you but does no damage.
You are electrocuted!!
* * * LOW HITPOINT WARNING * * *
You block the cane toad's attack.
You feel better. You block the water moccasin's attack.
Haxyobbu's ghost barely misses you. You block the cane toad's attack.
You block the water moccasin's attack.
The wolf stops to sniff the ground.
The cane toad barely misses you.
There is a transporter here.
You enter the transporter and appear at another place.
A black mamba comes into view.
The black mamba hisses angrily.
You block the cane toad's attack.
You closely miss the cane toad.
The cane toad is heavily wounded.
The cane toad stings you.
* * * LOW HITPOINT WARNING * * *
Your skin crawls.
You feel strong-willed. The cane toad stings you!
* * * LOW HITPOINT WARNING * * *
The black mamba closely misses you.
The cane toad stings you but does no damage.
You feel better. The black mamba bites you!
* * * LOW HITPOINT WARNING * * *
The cane toad stings you!
* * * LOW HITPOINT WARNING * * *
You block the black mamba's attack. The black mamba bites you.
* * * LOW HITPOINT WARNING * * *
You are lethally poisoned!
The black mamba poisons you!
You feel better. The black mamba bites you.
* * * LOW HITPOINT WARNING * * *
You are poisoned.
The black mamba poisons you! You block the black mamba's attack.
The cane toad stings you!
You die...

#.#...............PP
##..................
#..........:..##....
###..............#....
#......#########...<..
##.....##©......##.#...
#......#8.##.##.8#.....
###......#h.##.##..#.P...
#.......@#W........#.....
###.##...SF#S...©....#©....
#.##.......#(........#.....
#..........#(.##.##..#.##<.
#..........#8.##.##.8#.##..
##.........##.......##..#..
#######...P.P.....#########......
..##.#..P.....P#P............#...
...............#####...####.##...


You could see a black mamba, a cane toad, a water moccasin, a wolf and
Haxyobbu's ghost.

Vanquished Creatures
  2 black mambas (Lair:2)
  7 elephants (Lair:2)
  5 cane toads
  3 komodo dragons
  An unseen horror (D:7)
  A rime drake (Lair:2)
  A polar bear (Lair:2)
  A troll (D:8)
  Grinder (D:5)
  A wraith (D:7)
  8 yaks
  A steam dragon (Lair:2)
  Menkaure (D:5)
  6 water moccasins
  A sky beast (D:7)
  2 orc warriors
  The ghost of multipassport the Skirmisher, an amateur DrMo (D:3)
  A black bear (D:7)
  A necrophage (D:3)
  12 wolves
  2 centaurs
  2 phantoms
  A kobold brigand (Sewer)
  5 bullfrogs
  2 gnoll sergeants
  A scorpion (D:6)
  2 water moccasin zombies
  A water moccasin skeleton (D:5)
  A jelly (D:7)
  6 wights
  3 electric eels (D:8)
  A bullfrog zombie (D:7)
  7 hounds
  Crazy Yiuf (D:2)
  A centaur skeleton (D:6)
  A bullfrog skeleton (D:5)
  Terence (D:2)
  Jessica (D:3)
  Natasha (thrice) (D:2)
  6 iguanas
  5 orc wizards
  A mummy (D:6)
  A howler monkey zombie (D:3)
  9 gnolls
  8 adders
  9 river rats
  4 white imps
  2 worms (D:2)
  2 dart slugs (D:1)
  30 orcs
  11 ball pythons
  6 endoplasms
  9 giant cockroaches
  5 goblins
  6 hobgoblins
  3 quokkas
  6 bats
  3 frilled lizards (D:2)
  23 kobolds
  25 rats
273 creatures vanquished.

Vanquished Creatures (collateral kills)
  5 yaks
  A water moccasin (Lair:2)
  2 bullfrogs (Lair:2)
8 creatures vanquished.

Vanquished Creatures (others)
  4 fungi (Lair:2)
  11 plants (Lair:2)
15 creatures vanquished.

Grand Total: 296 creatures vanquished

Notes
Turn   | Place    | Note
-------+----------+-------------------------------------------
     0 | D:1      | multipassport the Troll Berserker began the quest for the
                  | Orb.
     0 | D:1      | Reached XP level 1. HP: 22/22 MP: 0/0
   107 | D:1      | Reached XP level 2. HP: 29/29 MP: 1/1
   154 | D:1      | Reached skill level 3 in Maces & Flails
   449 | D:1      | Reached ** piety under Trog
   519 | D:1      | Reached XP level 3. HP: 36/36 MP: 2/2
   630 | D:2      | Noticed Terence
   644 | D:2      | Killed Terence
   713 | D:2      | Reached XP level 4. HP: 45/45 MP: 3/3
   719 | D:2      | Found a runed translucent door.
   720 | D:2      | Noticed Crazy Yiuf
   735 | D:2      | Killed Crazy Yiuf
   848 | D:2      | Noticed Natasha
   857 | D:2      | Killed Natasha
   858 | D:2      | Reached XP level 5. HP: 53/53 MP: 4/4
   889 | D:2      | Noticed Natasha
   895 | D:2      | Killed Natasha
  1194 | D:2      | Noticed Natasha
  1205 | D:2      | Killed Natasha
  1367 | D:3      | Noticed a necrophage
  1371 | D:3      | Found a transporter.
  1372 | D:3      | Found a transporter.
  1373 | D:3      | Noticed multipassport's ghost (amateur DrMo)
  1382 | D:3      | Noticed Jessica
  1387 | D:3      | Killed Jessica
  1388 | D:3      | Reached skill level 4 in Maces & Flails
  1521 | D:3      | Found a glowing drain.
  1544 | Sewer    | Entered a sewer
  1569 | Sewer    | Reached *** piety under Trog
  1604 | Sewer    | Reached XP level 6. HP: 62/62 MP: 5/5
  1927 | Sewer    | Reached **** piety under Trog
  2131 | D:3      | Gained mutation: Your mind is acute. (Int +2) [potion of
                  | mutation]
  2131 | D:3      | Gained mutation: Armour fits poorly on your strangely
                  | shaped body. [potion of mutation]
  2131 | D:3      | Gained mutation: You are agile. (Dex +2) [potion of
                  | mutation]
  2250 | D:3      | Found a sacrificial altar of Ru.
  2460 | D:3      | Killed multipassport's ghost
  2461 | D:3      | Reached XP level 7. HP: 70/70 MP: 6/6
  2472 | D:3      | Reached skill level 5 in Maces & Flails
  2599 | D:4      | Found a basalt altar of Yredelemnul.
  2972 | D:4      | Found a staircase to the Ecumenical Temple.
  3294 | D:5      | Entered Level 5 of the Dungeon
  3454 | D:5      | Reached skill level 5 in Dodging
  3610 | D:5      | Reached skill level 5 in Fighting
  3619 | D:5      | Reached XP level 8. HP: 80/80 MP: 7/7
  3664 | D:5      | Noticed Menkaure
  3671 | D:5      | Killed Menkaure
  3897 | D:5      | Noticed Grinder
  3913 | D:5      | Killed Grinder
  3914 | D:5      | Reached skill level 6 in Maces & Flails
  4261 | D:5      | Found a shadowy altar of Dithmenos.
  4801 | D:6      | Found an opulent altar of Gozag.
  4865 | D:6      | Reached XP level 9. HP: 85/89 MP: 8/8
  4918 | D:6      | Found a broken altar of Ashenzari.
  5019 | D:6      | Found a snail-covered altar of Cheibriados.
  5119 | D:7      | Reached skill level 7 in Maces & Flails
  5499 | D:7      | Found Ideawky's Antique Armour Shop.
  5677 | D:7      | Killed an unseen horror
  6063 | D:8      | Reached skill level 8 in Maces & Flails
  6152 | D:8      | Reached XP level 10. HP: 81/102 MP: 9/9
  6230 | D:8      | Found a staircase to the Lair.
  6243 | Lair:1   | Entered Level 1 of the Lair of Beasts
  6247 | Lair:1   | HP: 7/153 [yak (2)]
  6250 | D:8      | HP: 2/153 [yak (4)]
  6559 | D:8      | Found a glowing golden altar of the Shining One.
  6724 | D:8      | Found a hazy altar of Hepliaklqana.
  6827 | D:8      | Found a stormy altar of Qazlal.
  6853 | D:8      | Found Kougiad's Distillery.
  7311 | Lair:1   | Noticed a cane toad
  7318 | Lair:1   | Killed a cane toad
  7390 | Lair:1   | Noticed a cane toad
  7398 | Lair:1   | Killed a cane toad
  7422 | Lair:1   | Reached skill level 9 in Maces & Flails
  7440 | Lair:1   | You fall into a shaft and drop 1 floor!
  7450 | Lair:2   | Noticed a black mamba
  7461 | Lair:2   | Killed a black mamba
  8088 | Lair:2   | Noticed a black mamba
  8088 | Lair:2   | Found a transporter.
  8088 | Lair:2   | Noticed Haxyobbu's ghost (journeyman MiFi)
  8090 | Lair:2   | Noticed a cane toad
  8107 | Lair:2   | Noticed an elephant
  8107 | Lair:2   | Noticed an elephant
  8108 | Lair:2   | Noticed an elephant
  8108 | Lair:2   | Noticed an elephant
  8108 | Lair:2   | Noticed an elephant
  8111 | Lair:2   | Noticed an elephant
  8112 | Lair:2   | Noticed an elephant
  8124 | Lair:2   | Killed an elephant
  8133 | Lair:2   | Killed an elephant
  8134 | Lair:2   | Reached XP level 11. HP: 113/113 MP: 10/10
  8159 | Lair:2   | Reached ***** piety under Trog
  8279 | Lair:2   | Reached skill level 10 in Maces & Flails
  8342 | Lair:2   | Reached skill level 1 in Shields
  8479 | Lair:2   | Found a transporter.
  8859 | Lair:2   | HP: 2/115 [poisoned by a cane toad]
  8871 | Lair:2   | HP: 1/115 [cane toad (12)]
  8873 | Lair:2   | Mangled by a cane toad

Illustrated notes

Levels and vault maps discovered:
D:1:      saegor_arrival_miasma, layout_basic
D:2:      minmay_wonky_spiral, layout_rooms, uniq_terence, uniq_natasha,
          uniq_crazy_yiuf_cottage
D:3:      layout_basic, nicolae_ru_great_annihilating_truth,
          gammafunk_ghost_mausoleum, portal_sewer_entry_b, uniq_jessica
D:4:      layout_gridville, mainiacjoe_overflow_paths, temple_pool_b,
          lightli_minifort
D:5:      layout_layer_cave, nicolae_dithmenos_through_a_glass_darkly,
          uniq_menkaure, uniq_grinder
D:6:      layout_cave_pools, general_overflow_altar, grunt_gozag_statues,
          chei_slow_surprise
D:7:      layout_basic, serial_shops, nicolae_take_the_stairs,
          hangedman_decor_growths
D:8:      layout_basic, nicolae_hepliaklqana_hippocampus,
          mainiacjoe_overflow_surrounded_room, kennysheep_mini_moat,
          erik_lair_island, serial_shops, nicolae_lakefront_shop,
          kennysheep_dice
Lair:1:   layout_long_grid, grunt_megastairs_2, serial_bayou_shore_b
Lair:2:   layout_hall_layers, serial_forest, infiniplex_forest_lined_room_2,
          infiniplex_forest_lined_2, infiniplex_forest_lined_ring,
          infiniplex_forest_clump_diagonal, infiniplex_forest_end_1,
          gammafunk_ghost_arena

Skill      XL: |  1  2  3  4  5  6  7  8  9 10 11 |
---------------+----------------------------------+-----
Maces & Flails | 3 4 5 6 8 9 10 | 10.1
Fighting       | 3 4 5 6 7 8 9 |  9.3
Dodging        | 3 4 5 6 7 8 9 |  9.3
Shields        | 4 |  4.2

Action                   |  1- 3 |  4- 6 |  7- 9 | 10-12 || total
-------------------------+-------+-------+-------+-------++-------
Melee: Mace              |    70 |       |       |       ||    70
       Flail             |    12 |   247 |   383 |   274 ||   916
Invok: Berserk           |     2 |    12 |    12 |     9 ||    35
       Trog's Hand       |       |     1 |     5 |     4 ||    10
       Brothers in Arms  |       |       |       |     2 ||     2
  Use: Scroll            |       |     6 |     6 |     1 ||    13
       Potion            |       |     5 |       |     7 ||    12
 Stab: Sleeping          |       |       |     1 |     1 ||     2
Armor: Animal skin       |    34 |   139 |   201 |   158 ||   532
Dodge: Dodged            |    57 |   175 |   287 |   231 ||   750
Block: Kite shield       |       |       |       |    48 ||    48
